 Dungeon Crawl Stone Soup version 0.27.0-1-g7a089689b8 (webtiles) character file.

Game seed: 16068403300049428664

25 Delamore the Sneak (level 3, 0/24 HPs)
             Began as an Octopode Brigand on Aug 9, 2021.
             Slain by an adder (3 damage)
             ... on level 2 of the Dungeon.
             The game lasted 00:00:39 (509 turns).

Delamore the Sneak (Octopode Brigand)                Turns: 509, Time: 00:00:40

Health: 0/24       AC:  1    Str: 10    XL:     3   Next: 4%
Magic:  3/3        EV: 13    Int: 13    God:
Gold:   45         SH:  0    Dex: 14    Spells: 2/2 levels left

rFire    . . .     SeeInvis .   a - +2 dagger
rCold    . . .     Faith    .   (no shield)
rNeg     . . .     Spirit   .   (helmet restricted)
rPois    .         Reflect  .   (no amulet)
rElec    .         Harm     .   (no ring)
rCorr    .         Rampage  .   (no ring)
Will     .....                  (no ring)
Stlth    ++++......             (no ring)
HPRegen  0.08/turn              (no ring)
MPRegen  0.08/turn              (no ring)
                                (no ring)
                                (no ring)

@: lethally poisoned (0 -> -5)
A: almost no armour, amphibious, 8 rings, camouflage 1, gelatinous body 1,
(nimble swimmer 1), tentacles
a: no special abilities


You were on level 2 of the Dungeon.
You visited 1 branch of the dungeon, and saw 2 of its levels.

You collected 45 gold pieces.

Inventory:

Hand Weapons
 a - a +2 dagger (weapon)
Missiles
 b - 8 poisoned darts (quivered)
 c - 2 curare-tipped darts
Scrolls
 d - a scroll of amnesia {unknown}
 e - a scroll of brand weapon {unknown}
 f - a scroll of identify {unknown}
Potions
 g - a potion of curing {unknown}


   Skills:
 - Level 2.2 Fighting
 * Level 2.9 Short Blades
 - Level 2.0 Throwing
 + Level 1.7 Dodging
 - Level 5.3 Stealth


You had 2 spell levels left.
You didn't know any spells.
Your spell library was empty.

Dungeon Overview and Level Annotations

Branches:
Dungeon (1/15)

Altars:
Yredelemnul

Annotations:
D:2 Robin


Innate Abilities, Weirdness & Mutations

You cannot wear most types of armour.
You are amphibious.
You can wear up to eight rings at the same time.
Your skin changes colour to match your surroundings (Stealth+).
Your rubbery body absorbs attacks. (AC +1, EV +1)
((You are camouflaged near water. (Stealth+)))
You have tentacles for arms and can constrict up to eight enemies at once.


Message History

A goblin comes into view. It is wielding a +0 club.
A hobgoblin comes into view.
The hobgoblin shouts!
You hear a shout! x2; You hear an angry hiss.
You hear a shout! x2
A goblin comes into view. It is wielding a +0 dagger.
Robin of the Strong Arm comes into view.
They are wielding a +0 whip.
An adder comes into view.
You hear a shout! 2 goblins come into view.
The goblin shouts!
You hear a shout! x2; The goblin shouts!
A goblin and a hobgoblin come into view.
You closely miss the goblin. You grab the goblin.
You constrict the goblin, but do no damage.
The goblin misses you.
You miss the adder. Your grab misses the adder. You constrict the goblin.
The goblin misses you. Robin throws the goblin at you! The adder bites you.
You hit the goblin.
You kill the goblin!
The goblin closely misses you. The goblin misses you.
Robin roars a battlecry!
The goblins go into a battle-frenzy!
A goblin comes into view. It is wielding a +0 dagger.
The adder closely misses you.
You hit the adder. Your grab misses the adder.
The adder is lightly wounded.
The goblin hits you with a +3 dagger. The goblin hits you with a +0 club.
The goblin barely misses you. Robin throws the goblin at you!
The adder bites you.
You are poisoned.
The adder poisons you!
A goblin comes into view. It is wielding a +0 dagger.
The goblin hits you but does no damage.
You hit the adder. Your grab misses the adder.
The adder is moderately wounded.
You feel sick. The goblin hits you with a +3 dagger.
* * * LOW HITPOINT WARNING * * *
The goblin hits you with a +0 club.
* * * LOW HITPOINT WARNING * * *
The adder bites you.
You die...

##.## ##.#####..# #.#
#.........# #.#
#.....###.. ####.###
#.....# #.. #......#
#.....# #.# #.##.#.#
#.....# #.# # ##.#.#
###.### #.# #gg# #
#.# #.# #@## #.# #..
#gSgg..# #.#######
##ggg### #........
..g...#####...####.
................###.
g.......#.#..........
.g.....###
#......#### ........#
#.##....## #.....##


You could see Robin, an adder, 2 hobgoblins and 8 goblins.

Vanquished Creatures
  An adder (D:2)
  A ball python (D:1)
  2 endoplasms
  A goblin (D:2)
  2 hobgoblins (D:1)
  3 kobolds
  3 bats
13 creatures vanquished.

Notes
Turn   | Place    | Note
-------+----------+-------------------------------------------
     0 | D:1      | Delamore the Octopode Brigand began the quest for the Orb.
     0 | D:1      | Reached XP level 1. HP: 14/14 MP: 1/1
   314 | D:1      | Reached XP level 2. HP: 19/19 MP: 2/2
   389 | D:1      | You fall into a shaft and drop 1 floor!
   453 | D:2      | Found a basalt altar of Yredelemnul.
   492 | D:2      | Reached XP level 3. HP: 24/24 MP: 3/3
   502 | D:2      | Noticed Robin
   509 | D:2      | Slain by an adder

Illustrated notes

Levels and vault maps discovered:
D:1:      roderic_octagonal_star, layout_loops_ring, basic_ecumenical_altar
D:2:      layout_loops_cross, basic_altar, minmay_worlds_worst_comb, uniq_robin

Action                   || total
-------------------------++-------
Melee: Dagger            ||    27
       Tentacles         ||     3
       Constrict         ||     5
 Stab: Sleeping          ||     6
Armor: Skin              ||     3
Dodge: Dodged            ||    17
